 Dungeon Crawl Stone Soup version 0.27.1-37-g7b29ead8ac (webtiles) character file.

Game seed: 12305023921383565059

11375 jjjjhere the Grappler (level 11, -4/82 HPs)
             Began as a Ghoul Monk on Apr 1, 2023.
             Was a High Priest of Okawaru.
             Slain by Gastronok (11 damage)
             ... on level 2 of the Lair of Beasts.
             The game lasted 00:16:15 (9011 turns).

jjjjhere the Grappler (Ghoul Monk)                  Turns: 9011, Time: 00:16:15

Health: -4/82      AC: 17    Str: 19    XL:     11   Next: 76%
Magic:  12/13      EV:  6    Int:  5    God:    Okawaru [*****.]
Gold:   2434       SH: 19    Dex: 11    Spells: 10/10 levels left

rFire    + + .     SeeInvis .     - Unarmed
rCold    + . .     Faith    .   k - +0 tower shield
rNeg     + + +     Spirit   .   e - +1 plate armour
rPois    ∞         Reflect  .   n - +2 hat
rElec    .         Harm     .   (no cloak)
rCorr    .         Rampage  .   (no gloves)
Will     .....                  (no boots)
Stlth    ..........             c - amulet of regeneration
HPRegen  0.00/turn              d - ring of protection from fire
MPRegen  0.13/turn              p - ring of protection from fire

@: heroic, inhibited regen, slowed, studying Armour, very slow
A: claws 1, cold resistance 1, negative energy resistance 3, inhibited
regeneration, torment resistance 2
a: Renounce Religion, Heroism, Finesse


You were on level 2 of the Lair of Beasts.
You worshipped Okawaru.
Okawaru was extremely pleased with you.
You visited 2 branches of the dungeon, and saw 10 of its levels.

You collected 2434 gold pieces.

Inventory:

Missiles
 g - 3 curare-tipped darts
 m - 2 throwing nets (quivered)
Armour
 e - a +1 plate armour (worn)
 k - a +0 tower shield (worn)
 n - a +2 hat (worn)
Jewellery
 a - a ring of resist corrosion
 c - an amulet of regeneration (around neck)
 d - a ring of protection from fire (left claw)
 h - a ring of magical power
 p - a ring of protection from fire (right claw)
Wands
 l - a wand of acid (18)
 u - a wand of mindburst (13)
 C - a wand of paralysis (24)
Scrolls
 b - 3 scrolls of amnesia
 f - a scroll of immolation {unknown}
 i - 4 scrolls of fog {unknown}
 r - 3 scrolls of enchant weapon
 s - a scroll of brand weapon
 t - a scroll of enchant armour
 v - a scroll of noise {unknown}
 y - a scroll of blinking {unknown}
 F - a scroll of teleportation
Potions
 j - 3 potions of cancellation
 o - 2 potions of magic
 q - 2 potions of might {unknown}
 w - a potion of attraction {unknown}
 x - a potion of lignification {unknown}
 z - 13 potions of ambrosia
 A - a potion of resistance {unknown}
 B - a potion of curing
 D - a potion of berserk rage {unknown}
 E - a potion of degeneration {unknown}


   Skills:
 - Level 3.2(8.2) Fighting
 + Level 5.6(10.6) Armour
 - Level 2.6(7.6) Dodging
 - Level 2.1(7.1) Stealth
 + Level 8.7(13.7) Shields
 - Level 14.9(19.9) Unarmed Combat
 + Level 4.8 Invocations


You had 10 spell levels left.
You didn't know any spells.
Your spell library contained the following spells:

 Spells                   Type           Power      Damage    Failure   Level
 Animate Skeleton         Necr           0%         N/A       100%        1
 Apportation              Tloc           0%         N/A       100%        1
 Corona                   Hex            0%         N/A       100%        1
 Foxfire                  Conj/Fire      0%         2x1d4     100%        1
 Summon Small Mammal      Summ           0%         N/A       100%        1
 Conjure Flame            Conj/Fire      0%         6-21      100%        3
 Dazzling Flash           Conj/Hex       0%         N/A       100%        3
 Inner Flame              Hex/Fire       0%         N/A       100%        3
 Hailstorm                Conj/Ice       0%         3d3       100%        4
 Petrify                  Tmut/Erth      0%         N/A       100%        4
 Metabolic Englaciation   Hex/Ice        0%         N/A       100%        5
 Simulacrum               Ice/Necr       0%         N/A       100%        6
 Ice Form                 Ice/Tmut       Unusable   N/A       N/A         4
 Statue Form              Tmut/Erth      Unusable   N/A       N/A         6
 Necromutation            Tmut/Necr      Unusable   N/A       N/A         8

Dungeon Overview and Level Annotations

Branches:
Dungeon (8/15)             Temple (0/1) D:7            Lair (2/6) D:8
 Shoals (0/4) Lair:2
  Snake: Lair:2-4    Spider: Lair:2-4

Altars:
Cheibriados
Dithmenos
Elyvilon
Makhleb
Okawaru
Sif Muna
Uskayaw
Vehumet
Zin

Shops:
D:4 *

Annotations:
D:2 1 runed translucent door, Crazy Yiuf
Lair:2 Gastronok


Innate Abilities, Weirdness & Mutations

You thrive by killing the living.
You are immune to poison.
You have sharp fingernails.
Your flesh is cold resistant. (rC+)
You are immune to negative energy. (rN+++)
You do not regenerate when monsters are visible.
You are immune to unholy pain and torment.


Message History

The quokka bites you but does no damage.
You completely miss Gastronok.
Gastronok is moderately wounded.
You feel like a meek peon again. You block the quokka's attack.
Gastronok barely misses you.
You scratch Gastronok but do no damage.
Gastronok is moderately wounded.
The quokka bites you. The quokka completely misses you. Gastronok bites you!
You claw Gastronok!
Gastronok is moderately wounded.
You block the quokka's attack. The quokka bites you.
Gastronok's eyestalks quiver as he mumbles some strange words.
You gain the combat prowess of a mighty hero.
You block the quokka's attack. x3
You mangle Gastronok!!
Gastronok is heavily wounded.
You block the quokka's attack. x2
The quokka bites you but does no damage.
Gastronok bites you! You block the quokka's attack.
You mangle Gastronok!!
Gastronok is severely wounded.
You block the quokka's attack. x2
Gastronok chants a spell, wobbling all the while.
Your skin takes on a slight green cast.
The quokka barely misses you.
You claw Gastronok!
Gastronok is severely wounded.
You block the quokka's attack. x2; The quokka barely misses you.
You scratch Gastronok.
Gastronok is severely wounded.
You block the quokka's attack. The quokka barely misses you.
Gastronok waves his eye-stalks in wide circles.
The air twists around and strikes you!!
* * * LOW HITPOINT WARNING * * *
The quokka barely misses you.
You scratch Gastronok.
Gastronok is almost dead.
You block the quokka's attack. x2
The quokka bites you but does no damage.
Gastronok bites you!
You die...

... . ................ ...
.#.#.P............ #...
#....##.......###. ##....
P............[##..
#.....##...............#.
#.. ..#............P....
#.w. #.b...#P.......##..
#.....#wr..........#....
##....##@...##...........
###......†r...##.......##..
........#.#.#.##......###..
........##...#.#.......##.#
...........................
......P.P..P...............
..........P................
...P...P.P..PP.............
#..PP......................


You could see Gastronok (swift), 2 quokkas and a bat (summoned).

Vanquished Creatures
  A catoblepas (Lair:1)
  A black mamba (Lair:2)
  2 cane toads (Lair:1)
  4 komodo dragons
  A queen bee (Lair:1)
  A polar bear (Lair:1)
  3 blink frogs (Lair:2)
  Sigmund (D:3)
  A spriggan (Lair:1)
  11 yaks
  A wraith (D:6)
  A fire bat (D:8)
  A basilisk (Lair:2)
  Menkaure (D:6)
  3 steam dragons
  4 water moccasins
  3 orc warriors (D:7)
  A sky beast (D:8)
  2 necrophages
  2 black bears
  An ogre (D:4)
  3 centaurs
  A phantom (D:5)
  6 kobold brigands
  Blork the orc (D:4)
  2 wyvern zombies
  5 scorpions
  9 bullfrogs
  20 killer bees
  5 electric eels (D:8)
  3 centaur zombies
  3 jellies
  3 bullfrog skeletons
  3 orc priests
  A centaur skeleton (D:5)
  2 hounds
  2 iguanas (D:5)
  Ijyb (D:3)
  An orc wizard (D:7)
  Terence (D:2)
  2 killer bee zombies
  A hound zombie (D:2)
  A hound skeleton (D:2)
  2 howler monkey zombies
  13 gnolls
  9 adders
  A white imp (D:8)
  An ufetubus (D:5)
  4 adder skeletons
  3 worms
  4 dart slugs
  15 orcs
  A bat skeleton (D:2)
  8 endoplasms
  A giant cockroach (D:2)
  5 goblins
  8 hobgoblins
  2 jackals (D:1)
  52 kobolds
  5 quokkas
  10 ball pythons
  A ball python zombie (D:2)
  8 bats
  3 frilled lizards
  A jackal zombie (D:2)
  A quokka zombie (D:2)
  2 rats (D:1)
282 creatures vanquished.

Vanquished Creatures (others)
  A fungus (Lair:1)
  8 plants
  A withered plant (D:2)
10 creatures vanquished.

Grand Total: 292 creatures vanquished

Notes
Turn   | Place    | Note
-------+----------+-------------------------------------------
     0 | D:1      | jjjjhere the Ghoul Monk began the quest for the Orb.
     0 | D:1      | Reached XP level 1. HP: 19/19 MP: 0/0
    40 | D:1      | HP: 6/19 [hobgoblin (2)]
   340 | D:1      | Reached XP level 2. HP: 24/26 MP: 1/1
   413 | D:1      | Reached skill level 4 in Unarmed Combat
   770 | D:1      | Reached XP level 3. HP: 31/31 MP: 2/2
   991 | D:2      | Reached skill level 5 in Unarmed Combat
  1045 | D:2      | Reached XP level 4. HP: 32/38 MP: 3/3
  1308 | D:2      | Reached skill level 6 in Unarmed Combat
  1385 | D:2      | Reached XP level 5. HP: 45/45 MP: 4/4
  1428 | D:2      | Noticed Terence
  1442 | D:2      | HP: 10/45 [Terence (8)]
  1443 | D:2      | Killed Terence
  1552 | D:2      | Found a runed translucent door.
  1553 | D:2      | Noticed Crazy Yiuf
  1926 | D:3      | Noticed Ijyb
  1936 | D:3      | Killed Ijyb
  1997 | D:3      | Noticed Sigmund
  2014 | D:3      | HP: 14/45 [Sigmund (12)]
  2019 | D:3      | HP: 9/45 [Sigmund (5)]
  2025 | D:3      | HP: 6/45 [Sigmund (5)]
  2027 | D:3      | HP: 2/45 [Sigmund (4)]
  2029 | D:3      | Killed Sigmund
  2030 | D:3      | Reached skill level 7 in Unarmed Combat
  2030 | D:3      | Reached XP level 6. HP: 7/51 MP: 5/5
  2449 | D:3      | Found a shimmering blue altar of Sif Muna.
  2705 | D:3      | Reached skill level 8 in Unarmed Combat
  2757 | D:3      | Reached XP level 7. HP: 57/57 MP: 6/6
  2948 | D:3      | Reached skill level 9 in Unarmed Combat
  3326 | D:4      | Found Goxouto's Mass Market.
  3352 | D:4      | Reached skill level 10 in Unarmed Combat
  3352 | D:4      | Reached XP level 8. HP: 57/63 MP: 7/7
  3416 | D:4      | Found a burning altar of Makhleb.
  3423 | D:4      | You fall into a shaft and drop 1 floor!
  3423 | D:5      | Entered Level 5 of the Dungeon
  3775 | D:4      | Found a snail-covered altar of Cheibriados.
  3895 | D:4      | Reached skill level 11 in Unarmed Combat
  3973 | D:4      | Noticed Blork the orc
  3977 | D:4      | Killed Blork the orc
  4166 | D:5      | Reached skill level 12 in Unarmed Combat
  4172 | D:5      | Identified 2 scrolls of acquirement
  4208 | D:4      | Acquired 542 gold pieces
  4210 | D:4      | Acquired 1111 gold pieces
  4244 | D:5      | Found a radiant altar of Vehumet.
  4282 | D:5      | Reached XP level 9. HP: 53/70 MP: 8/8
  4509 | D:5      | HP: 15/70 [black bear (11)]
  4510 | D:5      | HP: 5/70 [black bear (6)]
  4653 | D:6      | Reached skill level 13 in Unarmed Combat
  4838 | D:6      | Identified the +0 leather armour of Tenacity {rF++ rCorr
                  | Int-3 Stlth+}
  4859 | D:6      | Reached skill level 1 in Shields
  4932 | D:6      | Found an iron altar of Okawaru.
  4932 | D:6      | Found a shadowy altar of Dithmenos.
  4944 | D:6      | Became a worshipper of Warmaster Okawaru
  4944 | D:6      | Reached * piety under Okawaru
  4944 | D:6      | Reached ** piety under Okawaru
  5006 | D:6      | Reached skill level 1 in Invocations
  5098 | D:6      | Noticed Menkaure
  5104 | D:6      | Killed Menkaure
  5105 | D:6      | Reached skill level 1 in Armour
  5288 | D:6      | Found a hide-covered altar of Uskayaw.
  5799 | D:7      | Reached XP level 10. HP: 76/77 MP: 8/10
  5892 | D:7      | Found a staircase to the Ecumenical Temple.
  5923 | D:7      | HP: 16/77 [orc warrior (10)]
  6703 | D:8      | Reached *** piety under Okawaru
  6934 | D:8      | Reached skill level 5 in Shields
  7303 | D:8      | Found a staircase to the Lair.
  7377 | Lair:1   | Entered Level 1 of the Lair of Beasts
  7390 | D:8      | HP: 21/77 [komodo dragon (7)]
  7396 | D:8      | HP: 7/77 [komodo dragon (14)]
  7400 | D:8      | Reached **** piety under Okawaru
  7483 | D:8      | Reached skill level 14 in Unarmed Combat
  7694 | Lair:1   | Reached XP level 11. HP: 74/82 MP: 11/11
  7782 | Lair:1   | Reached ***** piety under Okawaru
  7881 | Lair:1   | Got the Disquisition on Attacks and Shape Shifting
  8000 | Lair:1   | HP: 25/82 [killer bee (6)]
  8012 | Lair:1   | Identified the +7 longbow "Concordance" {flame, rPois rCorr
                  | SInv Stlth+} (Okawaru gifted it to you on level 1 of the
                  | Lair of Beasts)
  8012 | Lair:1   | Received a gift from Okawaru
  8015 | Lair:1   | HP: 26/82 [killer bee (4)]
  8323 | Lair:1   | Acquired a manual of Armour
  8508 | Lair:1   | Noticed a catoblepas
  8529 | Lair:1   | HP: 15/82 [catoblepas (20)]
  8534 | Lair:1   | Killed a catoblepas
  8733 | Lair:2   | Reached skill level 5 in Armour
  8941 | Lair:2   | Found a staircase to the Shoals.
  8972 | Lair:2   | Noticed Gastronok
  9010 | Lair:2   | HP: 7/82 [Gastronok/the air (32)]
  9011 | Lair:2   | Slain by Gastronok

Illustrated notes

Levels and vault maps discovered:
D:1:      psy_arrival_whirlpool, layout_basic
D:2:      layout_basic, serial_undead, serial_undead_f, serial_undead_c,
          serial_undead_f, serial_undead_e, serial_undead_d,
          minmay_indecisive_spiral, uniq_terence, uniq_crazy_yiuf_cottage
D:3:      minmay_goblin_kobold_castle, layout_basic,
          mainiacjoe_overflow_brackets, chequers_serial_rivers_micro_c,
          uniq_ijyb, uniq_sigmund
D:4:      layout_basic, kennysheep_slug_shrine, bloody_makhleb,
          minmay_shop_mass, grunt_ministairs_2, uniq_blork_the_orc
D:5:      layout_rooms, old_standard_altar, general_overflow_altar
D:6:      layout_loops_ring, nicolae_uskayaw_dance_hall,
          gammafunk_temple_overflow_pools, fountainhead,
          chequers_serial_rivers_micro_c, uniq_menkaure
D:7:      layout_cave_pods, elyvilon_altar_1, minmay_temple_entry_sparse_star,
          minmay_misc_feat_nine_boxes, roderic_lattice_a
D:8:      layout_cave_pools, david_lair_shrubbed, kennysheep_boxes
Lair:1:   layout_roguey, special_room [special_room_bee],
          grunt_forest_large_clearing_hut, grunt_megastairs_1, lemuel_fruit_tree
Lair:2:   layout_regular_city, minmay_shoals_entry_centaurs,
          nicolae_spider_entry_non_spiders, chequers_serial_rivers_micro_a,
          uniq_gastronok

Skill      XL: |  1  2  3  4  5  6  7  8  9 10 11 |
---------------+----------------------------------+-----
Unarmed Combat | 4 5 6 7 8 10 12 13 14 | 14.9
Shields        | 4 7 8 |  8.7
Invocations    | 2 4 |  4.8
Armour         | 3 5 |  5.6
Fighting       | |  3.2
Dodging        | |  2.6
Stealth        | |  2.1

Action                   |  1- 3 |  4- 6 |  7- 9 | 10-12 || total
-------------------------+-------+-------+-------+-------++-------
Melee: Unarmed           |    99 |   194 |   364 |   448 ||  1105
       Punch             |     1 |     3 |     6 |       ||    10
Throw: Dart              |       |       |     2 |     1 ||     3
       Throwing net      |       |       |       |     1 ||     1
Invok: Heroism           |       |       |     2 |     9 ||    11
Evoke: Wand              |       |       |       |    20 ||    20
  Use: Potion            |       |     2 |       |       ||     2
       Scroll            |       |       |    10 |     2 ||    12
 Stab: Sleeping          |     3 |       |       |       ||     3
       Petrified         |       |       |       |     5 ||     5
       Held in net/web   |       |       |       |     1 ||     1
Armor: Robe              |    11 |       |       |       ||    11
       Plate armour      |    18 |   109 |   228 |   204 ||   559
Dodge: Dodged            |    60 |    38 |   105 |    45 ||   248
Block: Tower shield      |       |       |    31 |   421 ||   452
